 Dungeon Crawl Stone Soup version 0.24.0-13-gcf9b319 (webtiles) character file.

Game seed: 12025765434229893784, levelgen mode: deterministic

98 Bronimir the Insei (level 4, -2/34 HPs)
             Began as a Gnoll Transmuter on Apr 14, 2020.
             Slain by an orc priest
             ... wielding a +0 dagger
              (6 damage)
             ... on level 4 of the Dungeon.
             The game lasted 00:01:58 (966 turns).

Bronimir the Insei (Gnoll Transmuter)                Turns: 966, Time: 00:01:58

Health: -2/34      AC:  2    Str: 13    XL:     4   Next: 71%
Magic:  11/11      EV: 15    Int: 15    God:
Gold:   96         SH:  0    Dex: 16    Spells: 10/13 levels left

rFire    + . .     SeeInvis .     - Unarmed
rCold    x . .     Gourm    .   (no shield)
rNeg     . . .     Faith    +   b - +0 robe
rPois    .         Spirit   .   (no helmet)
rElec    .         Reflect  .   (no cloak)
rCorr    .         Harm     .   (no gloves)
MR       .....                  (no boots)
Stlth    ++........             j - amulet of faith
HPRegen  0.11/turn              c - ring of fire
MPRegen  0.12/turn              (no ring)

@: about to teleport
A: distributed training, fangs 1, strong nose
a: no special abilities


You were on level 4 of the Dungeon.
You were not hungry.

You visited 1 branch of the dungeon, and saw 3 of its levels.

You collected 96 gold pieces.

Inventory:

Missiles
 a - 12 arrows
 f - 11 bolts
 i - 73 stones (quivered)
Armour
 b - a +0 robe (worn)
Jewellery
 c - a ring of fire (left hand)
 j - an amulet of faith (around neck)
Scrolls
 h - 2 scrolls of remove curse
Potions
 l - a potion of heal wounds
Comestibles
 d - 2 rations


   Skills:
 + Level 2.8 Fighting
 + Level 1.2 Short Blades
 + Level 1.2 Long Blades
 + Level 1.2 Axes
 + Level 1.2 Maces & Flails
 + Level 1.2 Polearms
 + Level 1.2 Staves
 + Level 1.2 Slings
 + Level 1.2 Bows
 + Level 1.2 Crossbows
 + Level 1.2 Throwing
 + Level 1.2 Armour
 + Level 4.6 Dodging
 + Level 1.2 Stealth
 + Level 1.2 Shields
 + Level 6.6 Unarmed Combat
 + Level 5.1 Spellcasting
 + Level 1.0 Conjurations
 + Level 1.0 Hexes
 + Level 1.0 Charms
 + Level 1.0 Summonings
 + Level 1.0 Necromancy
 + Level 1.0 Translocations
 + Level 3.8 Transmutations
 + Level 1.0 Fire Magic
 + Level 1.0 Ice Magic
 + Level 1.0 Air Magic
 + Level 1.0 Earth Magic
 + Level 1.0 Poison Magic
 + Level 1.3 Invocations
 + Level 1.2 Evocations


You had 10 spell levels left.
You knew the following spells:

 Your Spells              Type           Power        Failure   Level  Hunger
a - Beastly Appendage     Tmut           ###...       3%          1    None
b - Sticks to Snakes      Tmut           ###.....     4%          2    ##.....

Your spell library contained the following spells:

 Spells                   Type           Power        Failure   Level  Hunger
 Spider Form              Tmut/Pois      ##........   19%         3    ###....
 Ice Form                 Ice/Tmut       ##......     52%         4    ####...
 Blade Hands              Tmut           ###.......   67%         5    ######.


Dungeon Overview and Level Annotations

Branches:
Dungeon (2/15)

Altars:


Innate Abilities, Weirdness & Mutations

Your experience applies equally to all skills.
You have very sharp teeth.
Your uncanny sense of smell can sniff out nearby items.


Message History

You bite the orc priest, but do no damage.
The orc priest is moderately wounded.
The orc priest hits you with a +0 dagger.
The orc priest invokes the aid of Beogh against you.
Beogh smites you!
* * * LOW HITPOINT WARNING * * *
As you read the scroll labeled NUTTULYULE, it crumbles to dust.
It is a scroll of identify.
h - 2 scrolls of remove curse The orc priest hits you with a +0 dagger.
* * * LOW HITPOINT WARNING * * *
As you read the scroll labeled KUYGYSSOEKE, it crumbles to dust.
It is a scroll of amnesia.
Really abort (and waste the scroll)?
Okay, then.
The orc priest casts a cantrip, but nothing happens.
As you read the scroll labeled TATZIUZXUS, it crumbles to dust.
You feel strangely unstable.
It was a scroll of teleportation.
The orc priest hits you with a +0 dagger.
You die...

#..#.# #.# #.#.# #..#.# #..
#####.#.# #..#.# #...#...#.#.#
#..#.# # #<..#.#.#.#.# ####.#
#.#...#.#.#.#.# #.#
#.......#.#.#.# #.#
#......o#.#.#o#############.####
#.$.....!..oooo@...............#
..........#.#o##################
#.........#.#.# #.##..###.#.#.#
# #.. #.#.#.# #.> #.#.#.# ..
....#.# #.. #.###.#


You could see 3 orc priests, an orc wizard and 2 orcs.

Vanquished Creatures
  A hound (D:4)
  2 adders (D:2)
  2 oozes
  2 dart slugs (D:2)
  A leopard gecko (D:1)
  2 orcs (D:4)
  3 giant cockroaches (D:1)
  3 goblins
  4 hobgoblins (D:1)
  4 jackals (D:1)
  A ball python (D:1)
  2 bats (D:1)
  4 frilled lizards
  3 kobolds
  2 rats
36 creatures vanquished.

Notes
Turn   | Place    | Note
-------+----------+-------------------------------------------
     0 | D:1      | Bronimir the Gnoll Transmuter began the quest for the Orb.
     0 | D:1      | Reached XP level 1. HP: 17/17 MP: 6/6
   260 | D:1      | Reached XP level 2. HP: 23/23 MP: 7/7
   264 | D:1      | Learned a level 2 spell: Sticks to Snakes
   380 | D:1      | Reached XP level 3. HP: 25/28 MP: 9/9
   703 | D:1      | Reached skill level 5 in Spellcasting
   817 | D:2      | Reached skill level 1 in Invocations
   881 | D:2      | Reached skill level 1 in Short Blades
   881 | D:2      | Reached skill level 1 in Long Blades
   881 | D:2      | Reached skill level 1 in Axes
   881 | D:2      | Reached skill level 1 in Maces & Flails
   881 | D:2      | Reached skill level 1 in Polearms
   881 | D:2      | Reached skill level 1 in Staves
   881 | D:2      | Reached skill level 1 in Slings
   881 | D:2      | Reached skill level 1 in Bows
   881 | D:2      | Reached skill level 1 in Crossbows
   881 | D:2      | Reached skill level 1 in Throwing
   881 | D:2      | Reached skill level 1 in Armour
   881 | D:2      | Reached skill level 1 in Stealth
   881 | D:2      | Reached skill level 1 in Shields
   881 | D:2      | Reached skill level 1 in Evocations
   881 | D:2      | Reached XP level 4. HP: 28/34 MP: 11/11
   888 | D:2      | You fall into a shaft and drop 2 floors!
   898 | D:4      | Reached skill level 1 in Conjurations
   898 | D:4      | Reached skill level 1 in Hexes
   898 | D:4      | Reached skill level 1 in Charms
   898 | D:4      | Reached skill level 1 in Summonings
   898 | D:4      | Reached skill level 1 in Necromancy
   898 | D:4      | Reached skill level 1 in Translocations
   898 | D:4      | Reached skill level 1 in Fire Magic
   898 | D:4      | Reached skill level 1 in Ice Magic
   898 | D:4      | Reached skill level 1 in Air Magic
   898 | D:4      | Reached skill level 1 in Earth Magic
   898 | D:4      | Reached skill level 1 in Poison Magic
   966 | D:4      | Slain by an orc priest

Levels and vault maps discovered:
D:1:      giann_wishing_wells, layout_basic
D:2:      layout_loops_ring, first_ration
D:4:      minmay_spotlight, layout_basic, uniq_robin, uniq_crazy_yiuf_cottage

Skill      XL: |  1  2  3  4 |
---------------+-------------+-----
Spellcasting   | 5 |  5.1
Invocations    | 1 |  1.3
Short Blades   | 1 |  1.2
Long Blades    | 1 |  1.2
Axes           | 1 |  1.2
Maces & Flails | 1 |  1.2
Polearms       | 1 |  1.2
Staves         | 1 |  1.2
Slings         | 1 |  1.2
Bows           | 1 |  1.2
Crossbows      | 1 |  1.2
Throwing       | 1 |  1.2
Armour         | 1 |  1.2
Stealth        | 1 |  1.2
Shields        | 1 |  1.2
Evocations     | 1 |  1.2
Conjurations   | 1 |  1.0
Hexes          | 1 |  1.0
Charms         | 1 |  1.0
Summonings     | 1 |  1.0
Necromancy     | 1 |  1.0
Translocations | 1 |  1.0
Fire Magic     | 1 |  1.0
Ice Magic      | 1 |  1.0
Air Magic      | 1 |  1.0
Earth Magic    | 1 |  1.0
Poison Magic   | 1 |  1.0
Fighting       | |  2.8
Dodging        | |  4.6
Unarmed Combat | |  6.6
Transmutations | |  3.8

Action                   |  1- 3 |  4- 6 || total
-------------------------+-------+-------++-------
Melee: Unarmed           |    78 |    16 ||    94
       Bite              |     3 |     1 ||     4
       Punch             |     2 |     1 ||     3
  Use: Scroll            |       |     3 ||     3
       Potion            |       |     1 ||     1
 Stab: Sleeping          |     4 |       ||     4
Armor: Robe              |    11 |     2 ||    13
Dodge: Dodged            |    54 |    10 ||    64
